[Event "*** Titled Tuesday Blitz"]
[Site "Chess.com"]
[Date "2020.05.26"]
[Round "6"]
[White "Rodalquilar"]
[Black "BogdanDeac"]
[Result "1/2-1/2"]
[WhiteElo "2629"]
[BlackElo "2942"]
[TimeControl "180+1"]
[EndTime "11:09:22 PDT"]
[Termination "Game drawn - insufficient material"]

1. d4 Nf6 2. c4 e6 3. Nc3 Bb4 4.
Qc2 d6 5. Bd2 c5 6. e3 cxd4 7.
exd4 Nc6 8. Nf3 d5 9. c5 a5 10. Bd3 b6 11. a3 Bxc3 12. Qxc3 Ne4 13. Qc2 Nxd2 14. Nxd2 Bd7 15. Nf3 bxc5 16. Qxc5 Qe7 17. Rc1 Qxc5 18. Rxc5 Ke7 19. Kd2 f6 20. Rhc1 Kd6 21. Bb5 Rhc8 22. Bxc6 Rxc6 23. R1c3 a4 24. Ne1 Rxc5 25. dxc5+ Kc7 26. Nd3 d4 27. Rc4 e5 28. c6 Be6 29. Rc1 g5 30. f3 h5 31.
Nc5 Bf5 32. Ne4 Bxe4 33. fxe4 Rb8 34. Rc2 Rb6 35. Kd3 h4 36. h3 Rb3+ 37. Kc4 Re3 38.
Kd5 d3 39. Rd2 Rg3 40. Kc5 Re3 41. Kb5 Rxe4 42. Rxd3 Re2 43. Rd7+ Kc8 44. Rf7 Rxb2+ 45. Kxa4 Rxg2 46. Kb5 g4 47. hxg4 h3 48. Rxf6 h2 49. Rh6 e4 50. Kc4 e3 51. Kd3 e2 52. Kd2 Rg1 53. Rh8+ Kc7 54. Kxe2 h1=Q 55. Rxh1 Rxh1 56. Kf3 Kxc6 57. Kf4 Ra1 58. Kf5 Rxa3 59. g5 Kd7 60. Kf6 Ke8 61. Kg7 Rg3 62. g6 Ke7 63. Kh8 Kf6 64.
g7 Rh3+ 65. Kg8 Ra3 66. Kh8 Ra8+ 67. Kh7 Ra7 68. Kh8 Ra1 69. g8=Q Rh1+ 70. Qh7 Rxh7+ 71. Kxh7 1/2-1/2

[Event "*** Titled Tuesday Blitz"]
[Site "Chess.com"]
[Date "2020.05.26"]
[Round "6"]
[White "nikitakhoroshev"]
[Black "yobdc"]
[Result "1-0"]
[WhiteElo "2438"]
[BlackElo "2060"]
[TimeControl "180+1"]
[EndTime "11:09:22 PDT"]
[Termination "nikitakhoroshev won by resignation"]

1. d4 Nf6 2. c4 e6 3. Nf3 Bb4+ 4. Bd2 c5 5. a3 Bxd2+ 6. Qxd2 cxd4 7. Nxd4 d5 8. cxd5 Nxd5 9. e4 Nf6 10. f3 O-O 11.
Nc3 Bd7 12. Be2 Nc6 13. Nxc6 Bxc6 14. Qxd8 Rfxd8 15. Rd1 Rxd1+ 16. Kxd1 Kf8 17. Kc2 Ke7 18. Rd1 Rc8 19. Rd2 g5 20. g3 g4 21. Kd3 gxf3 22. Bxf3 Nd7 23. Ke3 Ne5 24. Be2 Rg8 25. Rd1 h6 26.
Rf1 Rg5 27. b4 Rg8 28. Rf4 Ng6 29. Rf1 Rc8 30. Rc1 Ne5 31. Nb5 Ra8 32. Nd4 Kd6 33.
Rf1 Ba4 34. Rc1 Rd8 35. Rc3 Rd7 36. Rc1 Ke7 37. Rc8 Kf6 38. Rh8 Kg7 39. Ra8 a6 40. Rc8 Nc6 41. Nxc6 Bxc6 42. Bxa6 Rd1 43. Be2 Re1 44.
Kf2 Rh1 45. Ke3 Rxh2 46. e5 Rg2 47. b5 Bd5 48. Rc7 Rxg3+ 49. Kd4 Rxa3 50. Bh5 Ra4+ 51.
Kc5 Rf4 52. Kd6 Rf5 53. Bg4 Rg5 54. Be2 h5 55. Rc3 h4 56. Rh3 Rg2 57. Bh5 Kh6 58. Rxh4 Kg5 59. Rh3 Rd2 60. Ke7 Bc4 61. Bxf7 Rd5 62.
Rh5+ Kf4 63. Kf6 Rxb5 64. Rh4+ Ke3 65. Rxc4 Kd3 66. Rc7 Rb2 67. Bxe6 b5 68. Bf5+ Kd4 69. e6 b4 70. e7 Re2 71. Rc8 b3 72. e8=Q 1-0

[Event "*** Titled Tuesday Blitz"]
[Site "Chess.com"]
[Date "2020.05.26"]
[Round "6"]
[White "VerdeNotte"]
[Black "FairChess_on_YouTube"]
[Result "0-1"]
[WhiteElo "2770"]
[BlackElo "3026"]
[TimeControl "180+1"]
[EndTime "11:09:29 PDT"]
[Termination "FairChess_on_YouTube won on time"]

1. e4 g6 2. d4 d6 3. Nc3 Bg7 4. Be3 a6 5. h4 Nf6 6. f3 b5 7. Qd2 b4 8. Nd1 a5 9. a3 bxa3 10. Rxa3 O-O 11. Rxa5 Rxa5 12. Qxa5 e5 13. dxe5 Nc6 14. Qd2 Nxe5 15. Bh6 d5 16. Bxg7 Kxg7 17. exd5 Re8 18. Be2 Nxd5 19. Nc3 c6 20. h5 Bf5 21. Nxd5 cxd5 22. g4 Bxc2 23. Qxc2 d4 24. hxg6 d3 25. Qd2 Nxf3+ 26. Nxf3 Rxe2+ 27. Qxe2 dxe2 28. Kxe2 hxg6 29. g5 Qb6 30. Rh4 Qxb2+ 31. Ke3 Qc3+ 32. Ke2 Qc2+ 33. Ke3 Qf5 34. Rf4 Qc5+ 35. Rd4 Qc2 36. Rd2 Qc3+ 37. Rd3 Qc1+ 38. Kf2 Kf8 39. Re3 Qc5 40. Ke2 Qc2+ 41.
Kf1 Qb2 42. Re2 Qb5 43. Kf2 Qc5+ 44. Kg2 Qc4 45. Kf2 Qg4 46. Re5 Qf4 47. Re2 Kg7 48.
Re5 Qc1 49. Re1 Qc5+ 50. Kg2 f6 51. gxf6+ Kxf6 52. Re2 g5 53. Nd2 Kf5 54. Rf2+ Kg4 55. Nf1 Qd5+ 56. Kg1 Qd4 57. Kg2 Qe4+ 58. Kg1 Qa8 59.
Ne3+ Kh5 60. Nf1 g4 61. Rh2+ Kg5 62. Rf2 Qa7 63. Kg2 Qb7+ 64. Kg1 Qb6 65. Kg2 Qc6+ 66. Kg1 Qd6 67. Kg2 Kh4 68. Re2 Qd5+ 69. Kg1 Qd4+ 70. Kg2 Qd3 71. Rf2 Qd5+ 72. Kh2 Qe5+ 73. Kg2 g3 74. Rd2 Qe4+ 75. Kg1 Kh3 76. Rb2 Qd4+ 77. Ne3 Qxb2 0-1

[Event "*** Titled Tuesday Blitz"]
[Site "Chess.com"]
[Date "2020.05.26"]
[Round "6"]
[White "LyonBeast"]
[Black "NewBornNow"]
[Result "0-1"]
[WhiteElo "2948"]
[BlackElo "2737"]
[TimeControl "180+1"]
[EndTime "11:09:30 PDT"]
[Termination "NewBornNow won by resignation"]

1. d4 Nf6 2. Bf4 g6 3. Nc3 Bg7 4. e4 d6 5. Qd2 Nc6 6. O-O-O O-O 7. Nf3 Bg4 8. Bh6 Bxf3 9. gxf3 e5 10. Bxg7 Kxg7 11.
d5 Nb8 12. f4 Nh5 13. fxe5 dxe5 14. h4 Nd7 15. Be2 Nf4 16. h5 g5 17. h6+ Kh8 18.
Bg4 Nc5 19. Qe3 b6 20. Kb1 a5 21. Bf5 Nb7 22. Ne2 Nd6 23. Nxf4 gxf4 24. Qc3 Qe7 25.
Rh5 f6 26. f3 Rg8 27. Be6 Rg3 28. Re1 Rf8 29. a4 Rg6 30. Bg4 Nf7 31. Reh1 Nd6 32.
b3 Qd8 33. Qc6 Qe7 34. Bd7 Qd8 35. Be6 Rg3 36. R5h3 Rg6 37. Kb2 Qe7 38. Qc3 Qd8 39.
Qe1 Qe7 40. Rg1 Nf7 41. Bxf7 Qxf7 42. Rhh1 Rfg8 43. Rxg6 hxg6 44. Qc3 Kh7 45. Qc6 Qe7 46. Rd1 Rd8 47. Qc3 Kxh6 48. Qd2 Kg7 49. Qg2 Rh8 50. Rg1 g5 51. Qg4 Qd6 52. Rg2 Rh1 53. Qf5 Rh6 54. c3 Rh7 55. Qc8 Rh8 56. Qb7 Rh7 57. Rc2 Rh3 58. Rf2 Rh4 59. Rd2 Rh7 60. Rc2 Rh6 61. c4 Qc5 62. d6 Qd4+ 63. Ka2 Qxd6 64. c5 bxc5 65. Qb5 Rh7 66. Qxa5 Kg6 67. Qxc5 g4 68. fxg4 Qxc5 69. Rxc5 f3 70. Rc3 Rh3 71. Rc2 Rg3 72. a5 Rg2 0-1

[Event "*** Titled Tuesday Blitz"]
[Site "Chess.com"]
[Date "2020.05.26"]
[Round "6"]
[White "Rozum_Ivan"]
[Black "mishikomchedlishvili"]
[Result "1-0"]
[WhiteElo "2637"]
[BlackElo "2821"]
[TimeControl "180+1"]
[EndTime "11:09:31 PDT"]
[Termination "Rozum_Ivan won by resignation"]

1. d4 d6 2. Nf3 g6 3. g3 Bg7 4. Bg2 Nd7 5. O-O e5 6. dxe5 dxe5 7. Nc3 Ngf6 8. a4 O-O 9. a5 c6 10. Nd2 Qc7 11. Nc4 Rd8 12. Qd6 Qxd6 13. Nxd6 Ne8 14.
Nxc8 Raxc8 15. Be3 a6 16. Rfd1 f5 17. Rd2 Bf6 18. Rad1 Nf8 19. Bb6 Rxd2 20. Rxd2 e4 21. Na4 Nc7 22. c4 Nce6 23. f3 exf3 24. exf3 Re8 25.
f4 Bd8 26. Kf2 Kf7 27. b4 Bxb6+ 28. axb6 Rd8 29. Rxd8 Nxd8 30. c5 Ke7 31. Nb2 Nd7 32. Nc4 Nf7 33. Ke3 Nf6 34. Kd4 Ke6 35. Na5 Nd8 36.
Bf1 Kd7 37. Bd3 Nd5 38. Kc4 Ne3+ 39. Kc3 Ng4 40. h4 Ne3 41. Bc4 Ke7 42. Kd2 Ng4 43. Be2 Nf6 44. Bf3 Kd7 45. Kd3 Ne8 46. Nc4 Nf6 47.
Nd6 Ne8 48. Nc4 Nf6 49. Kd4 Nf7 50. Na5 Nd8 51. Ke5 Ne8 52. h5 Nf7+ 53. Kd4 Nd8 54. Be2 Nf6 55. hxg6 hxg6 56. Bf3 Ne8 57. Nc4 Nf7 58. Be2 Nf6 59. Na5 Nd8 60. Bc4 Ne4 61. g4 Nd2 62. gxf5 gxf5 63. Bd3 Ke6 64. Ke3 Ne4 65.
Bxe4 fxe4 66. Kxe4 Kf6 67. f5 Ke7 68. Kf4 Kf6 69.
Kg4 Kg7 70. Kg5 Nf7+ 71. Kf4 Nd8 72. Ke5 Kf7 73. f6 Ke8 74. Kd6 1-0

[Event "*** Titled Tuesday Blitz"]
[Site "Chess.com"]
[Date "2020.05.26"]
[Round "6"]
[White "Chepaschess"]
[Black "Lubov_Gordyk"]
[Result "1-0"]
[WhiteElo "2812"]
[BlackElo "2612"]
[TimeControl "180+1"]
[EndTime "11:09:33 PDT"]
[Termination "Chepaschess won by resignation"]

1. Nf3 g6 2. d4 Bg7 3. e4 d6 4.
Nc3 a6 5. Be3 Nf6 6. Qd2 b5 7.
Bh6 O-O 8. Bd3 Bb7 9. Bxg7 Kxg7 10. e5 dxe5 11. dxe5 Nfd7 12. Be4 Nc5 13. Bxb7 Qxd2+ 14. Kxd2 Nxb7 15. Ke3 Nc6 16. Nd5 e6 17. Nc3 Nc5 18.
Rhd1 Rfd8 19. a3 Nd7 20. Kf4 g5+ 21. Nxg5 Ndxe5 22. Nge4 Nc4 23. b3 Nd6 24. Nc5 Nf5 25. Rxd8 Rxd8 26. Rd1 Rd4+ 27. Rxd4 Ncxd4 28. Nxa6 Nxc2 29.
Nxc7 b4 30. axb4 Nxb4 31. Ke4 Kf6 32. N7b5 h5 33. g3 Kg5 34. h3 Ne7 35. f4+ Kg6 36. Nd4 Kf6 37. g4 hxg4 38. hxg4 Kg6 39. g5 Kg7 40.
Kf3 Kg6 41. Kg4 Kg7 42. Nf3 f6 43. gxf6+ Kxf6 44. Ne4+ Kg7 45. Ne5 Ned5 46. Nc5 Ne3+ 47. Kf3 Ned5 48. Nxe6+ Kf6 49. Nd4 Nc3 50. Ng4+ Ke7 51.
f5 Ncd5 52. Ke4 Nc3+ 53. Kf3 Ncd5 54. Ne3 Nc3 55. Kf4 Kf6 56. Ng4+ Ke7 57. Kg5 Ne4+ 58. Kg6 Nd5 59. Ne2 Kd6 60. f6 Nexf6 61. Nxf6 Ne3 62.
Ne4+ Kd5 63. Nd2 Kc5 64. Kf6 Kb4 65. Ke5 Nc2 66. Nd4 Na1 67. Nc6+ Kc3 68. b4 Kxd2 69. b5 Nb3 70. Kd5 Kc3 71. b6 Nd2 72. b7 Nc4 73. b8=Q 1-0

[Event "*** Titled Tuesday Blitz"]
[Site "Chess.com"]
[Date "2020.05.26"]
[Round "6"]
[White "tigra"]
[Black "pollo2016"]
[Result "1-0"]
[WhiteElo "2756"]
[BlackElo "2578"]
[TimeControl "180+1"]
[EndTime "11:09:38 PDT"]
[Termination "tigra won on time"]

1. e4 c6 2. d3 g6 3. Nd2 d5 4. Ngf3 Bg7 5. h3 e5 6. c3 Ne7 7. Qe2 O-O 8. g4 a5 9. a4 Na6 10. exd5 Nxd5 11. Nc4 Nf4 12. Bxf4 exf4 13. O-O-O Re8 14.
Qc2 b5 15. Ncd2 b4 16. d4 bxc3 17. bxc3 Be6 18. Re1 Qd6 19. Bxa6 Rxa6 20. Ng5 Qa3+ 21. Qb2 Qxa4 22. Nxe6 fxe6 23. Re4 c5 24. dxc5 Qc6 25. Qa3 Rc8 26. Kc2 Qxc5 27. Qxc5 Rxc5 28. c4 a4 29.
Rb1 Rc8 30. Nf3 a3 31. Ne5 Bxe5 32. Rxe5 a2 33. Ra1 Rxc4+ 34. Kb3 Rc8 35. Rb5 Rd8 36.
g5 Rd3+ 37. Kc4 Rf3 38. Rb8+ Kf7 39. Rb7+ Kf8 40. Rd1 Ra8 41. Ra1 Rxf2 42. Kd4 f3 43. Ke5 Re2+ 44. Kf6 f2 45. Rxh7 Kg8 46. Kxg6 Re1 47.
Rg7+ Kh8 48. Rh7+ Kg8 49. Rg7+ Kf8 50. Rf7+ Ke8 51. Rxf2 Rxa1 52. Kg7 Rg1 53. Rf8+ Ke7 54. Rxa8 Kd6 55. Rxa2 Rxg5+ 56. Kf6 Rh5 57. Rd2+ Kc7 58. Rh2 Kd6 59. h4 e5 60. Kg6 Rh8 61. h5 e4 62.
h6 Ke5 63. h7 e3 64. Rh4 1-0

[Event "*** Titled Tuesday Blitz"]
[Site "Chess.com"]
[Date "2020.05.26"]
[Round "6"]
[White "WonderChampion"]
[Black "FMalexhdez"]
[Result "1/2-1/2"]
[WhiteElo "1920"]
[BlackElo "2048"]
[TimeControl "180+1"]
[EndTime "11:09:38 PDT"]
[Termination "Game drawn by repetition"]

1. e4 c5 2. Nf3 d6 3. Bb5+ Bd7 4. Bxd7+ Qxd7 5. c4 Nc6 6. Nc3 g6 7. d4 cxd4 8. Nxd4 Bg7 9. Be3 Nf6 10. O-O O-O 11. f4 e5 12. Nxc6 Qxc6 13. fxe5 dxe5 14. Qd3 Rac8 15. b3 Rfd8 16. Nd5 Nxd5 17. cxd5 Qc2 18. Qxc2 Rxc2 19. Rfc1 Re2 20. Re1 Rxe1+ 21. Rxe1 f5 22. Bxa7 fxe4 23. Rxe4 Rxd5 24. Re2 Kf7 25. Rc2 Rd7 26.
Bb6 Ke6 27. Kf2 Bh6 28. a4 e4 29.
Be3 Bxe3+ 30. Kxe3 Rd3+ 31. Kxe4 Rxb3 32. Ra2 Rb4+ 33.
Kd3 h5 34. Kc3 Rb1 35. Re2+ Kf5 36. Ra2 h4 37. Kd3 h3 38. g3 g5 39. Ke3 Rb3+ 40.
Kf2 g4 41. a5 Rb1 42. Ke3 Rg1 43. Rb2 Rg2 44. Rxb7 Rxh2 45. a6 Ra2 46. a7 h2 47. Rh7 Kg5 48. Rxh2 Rxa7 49. Rd2 Ra3+ 50. Kf2 Kf5 51. Rd5+ Kg6 52. Rd4 Kg5 53. Rd5+ Kg6 54. Rb5 Rc3 55. Re5 Rb3 56. Re4 Kg5 57. Rf4 Rb2+ 58.
Kg1 Rc2 59. Ra4 Rc1+ 60. Kf2 Rc2+ 61. Ke3 Rc3+ 62. Kf2 Rf3+ 63. Kg2 Rc3 64. Ra5+ Kg6 65. Ra4 Kg5 66. Ra5+ Kg6 67. Ra6+ Kg5 68. Ra8 Kg6 69. Rg8+ Kf5 70. Rf8+ Kg5 71. Rd8 Kf5 72. Rd5+ Kg6 73. Rd6+ Kf5 74. Rd8 Kg6 75. Rh8 Kf5 76. Rh5+ Kg6 77.
Re5 Rb3 78. Re4 Kf5 79. Rf4+ Kg5 80. Rf8 Rb2+ 81. Kf1 Ra2 82. Rg8+ Kf5 83. Rf8+ Kg5 84. Rg8+ Kf5 85. Rf8+ Kg5 1/2-1/2

[Event "*** Titled Tuesday Blitz"]
[Site "Chess.com"]
[Date "2020.05.26"]
[Round "6"]
[White "druskacik"]
[Black "LiamVrolijk"]
[Result "0-1"]
[WhiteElo "2586"]
[BlackElo "2787"]
[TimeControl "180+1"]
[EndTime "11:09:42 PDT"]
[Termination "LiamVrolijk won on time"]

1. e4 e5 2. Nf3 Nc6 3. Nc3 Nf6 4. d4 exd4 5. Nxd4 Bb4 6. Nxc6 bxc6 7. Bd3 d5 8. exd5 cxd5 9. O-O O-O 10. Bg5 c6 11.
Qf3 Be7 12. h3 h6 13. Bf4 Be6 14. Ne2 c5 15. Ng3 Bd6 16. Rad1 Bxf4 17. Qxf4 Qb8 18. Qxb8 Raxb8 19. b3 a5 20. Rfe1 Bd7 21. Bf5 Bc6 22.
Re7 Rfe8 23. Rc7 Rb6 24. Bd3 g6 25. Ne2 Rd8 26. Nf4 a4 27. Re1 axb3 28. axb3 Rd7 29. Rc8+ Kg7 30. Ra1 c4 31. bxc4 dxc4 32. Bxc4 Rd4 33.
Rc7 Rxc4 34. Ne6+ Kg8 35. Rc8+ Kh7 36. Ra7 Nd7 37. Nf8+ Kg7 38. Nxd7 Rb5 39. Rac7 Bxd7 40. Rxc4 Bxc8 41. Rxc8 Rb1+ 42. Kh2 Rd1 43. Kg3 g5 44. Kf3 Kg6 45. Rc6+ f6 46. Rc4 h5 47. h4 Re1 48.
hxg5 fxg5 49. Rc6+ Kf5 50. Rc5+ Kg6 51. g3 g4+ 52.
Kf4 Re2 53. Rc6+ Kg7 54. Kg5 Re5+ 55. Kh4 Rf5 56. c4 Kh7 57. c5 Kg7 58. Rc8 Kg6 59. Rg8+ Kh7 60. Rg5 Rxf2 61. Rxh5+ Kg6 62. Kxg4 Rc2 63.
Rg5+ Kf6 64. Rf5+ Ke6 65. Kg5 Rc4 66. g4 Rd4 67. Rf6+ Ke5 68. c6 Rd8 69. Rg6 Rc8 70. Kh6 Kf4 71. g5 Rh8+ 72. Kg7 Rc8 73.
Rf6+ Kxg5 74. Kf7 Rc7+ 75. Ke6 Rxc6+ 76. Kd5 Rxf6 0-1

[Event "*** Titled Tuesday Blitz"]
[Site "Chess.com"]
[Date "2020.05.26"]
[Round "6"]
[White "JosefineHeinemann"]
[Black "Shield12"]
[Result "1-0"]
[WhiteElo "2522"]
[BlackElo "2792"]
[TimeControl "180+1"]
[EndTime "11:09:42 PDT"]
[Termination "JosefineHeinemann won by resignation"]

1. e4 c5 2. Nf3 Nc6 3. d4 cxd4 4. Nxd4 Nf6 5. Nc3 d6 6. f3 e6 7. Be3 Be7 8. Qd2 a6 9. O-O-O Nxd4 10. Bxd4 b5 11. Kb1 b4 12. Na4 Rb8 13. Qf2 d5 14.
e5 Nd7 15. f4 Qc7 16. Bd3 Bb7 17. Nb6 Nc5 18. f5 Qxb6 19. fxe6 fxe6 20. Qf3 Qc7 21. Qg4 Nxd3 22. Qxg7 Kd7 23. cxd3 Rbg8 24. Qf7 Rf8 25. Qh5 Qa5 26. Qh3 b3 27. axb3 Bc6 28. Rc1 Bb5 29. Rc3 Bb4 30. Rc2 Rc8 31. Rhc1 Rxc2 32. Rxc2 Be7 33.
Rc3 Qb4 34. Bb6 Bc6 35. Rxc6 Kxc6 36. Qxe6+ Kb7 37. Be3 Rc8 38. Qd7+ Rc7 39. Qxd5+ Kb8 40. Qg8+ Rc8 41. Qxh7 Qe1+ 42. Ka2 Qa5+ 43. Kb1 Qe1+ 44. Ka2 Bc5 45. Bf4 Qa5+ 46. Kb1 Qc7 47. Qe4 Qc6 48. e6+ Kb7 49. Qe5 Be7 50. g4 Qc2+ 51. Ka2 Qc5 52. Qe4+ Rc6 53. d4 Qb4 54. Qd5 Bd6 55. e7 Bxe7 56. Qd7+ Kb6 57. d5 Rf6 58. Be3+ Bc5 59. Qd8+ Kb7 60. Bxc5 Qxc5 61. Qxf6 Qxd5 62. Qg7+ Kb6 63. Qf6+ Kb7 64. Qf5 Qd4 65. g5 a5 66. g6 a4 67. Qf3+ Ka7 68. Qf7+ Ka6 69. g7 axb3+ 70. Qxb3 Qxg7 71. h4 Qh6 72. Qa4+ Kb6 73.
Qg4 Qh8 74. h5 Qa8+ 75. Kb3 Qd5+ 76. Kc3 Qc5+ 77. Kd3 Qd5+ 78. Qd4+ Qxd4+ 79. Kxd4 1-0

[Event "*** Titled Tuesday Blitz"]
[Site "Chess.com"]
[Date "2020.05.26"]
[Round "6"]
[White "XDPS"]
[Black "GrafLermontov"]
[Result "0-1"]
[WhiteElo "2691"]
[BlackElo "2491"]
[TimeControl "180+1"]
[EndTime "11:09:46 PDT"]
[Termination "GrafLermontov won on time"]

1. d4 Nf6 2. Nf3 g6 3. Nbd2 d5 4. e3 Bg7 5. b4 O-O 6. c4 dxc4 7. Bxc4 b6 8. O-O Bb7 9. Bb2 e6 10. Rc1 a6 11. Qb3 Nbd7 12. a3 Qe7 13. Bd3 Rfc8 14. a4 Bd5 15. Qa3 Bf8 16. e4 Bb7 17. Bc3 c5 18. bxc5 bxc5 19. Qb2 Rab8 20. Qa1 cxd4 21. Bxd4 Bg7 22. Rb1 Nc5 23. Bc2 Rd8 24. Be5 Rbc8 25. Rfe1 Ne8 26. Bxg7 Nxg7 27. a5 Ne8 28. Rb6 Nd6 29.
Ne5 Nb5 30. Ndf3 f6 31. Ng4 e5 32. Nxf6+ Kg7 33. Nxe5 Nd4 34. Neg4 h5 35. e5 hxg4 36.
Qc1 Nxc2 37. Qxc2 Ne4 38. Qb2 Nc5 39. e6 Qxf6 40. Rxb7+ Nxb7 41. Qxb7+ Kg8 42. e7 Re8 43. Qd5+ Qf7 44. Qd6 Rc4 45. h3 Rf4 46. hxg4 Rxf2 47. Re6 Rf1+ 48. Kh2 Qf4+ 49. Qxf4 Rxf4 50. Rxg6+ Kf7 51.
Rxa6 Rxe7 52. Kg3 Rc4 53. Rb6 Rc3+ 54. Kh4 Ra3 55. a6 Ra7 56. Rh6 R7xa6 57. Rh7+ Kg6 58.
Rb7 R3a4 59. g3 Rf6 60. Rb5 Rf1 61. Rb6+ Rf6 62. Rb5 Ra1 63. g5 Ra4+ 64. g4 Rff4 65. Rb6+ Kg7 66. Kh5 Rxg4 67. Rb7+ Kf8 68. g6 Rh4+ 69.
Kg5 Rag4+ 70. Kf6 Rf4+ 71. Kg5 Rhg4+ 72. Kh6 Rf6 73. Rb8+ Ke7 74. Rg8 Ke6 75. Re8+ Kd7 76. Kh7 Kxe8 77. g7 Rxg7+ 78. Kh8 Ke7 79. Kxg7 Rf5 80. Kg6 Ke6 81. Kh6 Kf6 82. Kh7 Rh5+ 83. Kg8 Rh6 0-1

[Event "*** Titled Tuesday Blitz"]
[Site "Chess.com"]
[Date "2020.05.26"]
[Round "6"]
[White "kingnb"]
[Black "GMNickPert"]
[Result "1-0"]
[WhiteElo "2490"]
[BlackElo "2671"]
[TimeControl "180+1"]
[EndTime "11:09:49 PDT"]
[Termination "kingnb won on time"]

1. e4 c5 2. Nf3 Nc6 3. c3 Nf6 4.
e5 Nd5 5. d4 cxd4 6. cxd4 d6 7.
Bc4 dxe5 8. dxe5 Ndb4 9. Qxd8+ Nxd8 10. Na3 Be6 11. O-O Bxc4 12. Nxc4 Rc8 13. b3 g6 14. Bd2 Nbc6 15. Rac1 Bg7 16. Rfd1 O-O 17. Bc3 Ne6 18. Rd7 Nc5 19. Rdd1 Rfd8 20. g3 Nd3 21. Rc2 b5 22.
Nb2 Ncxe5 23. Nxe5 Nxe5 24. Rxd8+ Rxd8 25. Kg2 Rc8 26. Rc1 Ng4 27. Nd1 a6 28. Bb2 Rxc1 29. Bxc1 Kf8 30.
f4 Ke8 31. h3 Nf6 32. Kf3 Nd5 33. Bd2 Kd7 34. Nf2 Kc6 35. Nd3 e6 36. g4 f5 37.
gxf5 gxf5 38. Ba5 Bd4 39. Bd2 Kb6 40. Be1 a5 41. Bd2 a4 42. Be1 a3 43. Bb4 Bb2 44.
Be1 Kc6 45. Bd2 Bc3 46. Bc1 b4 47. Be3 Nc7 48. Bc5 Nd5 49. Bf8 Kb5 50. Ke2 Bd4 51. Kf3 Bf6 52. Bd6 Be7 53. Be5 Bf6 54. Bd6 Bc3 55. Ke2 Bd4 56. Kf3 Bb6 57. h4 Ba5 58. h5 Nc3 59. Nc1 Bb6 60. Be5 Nb1 61. Ke2 1-0

[Event "*** Titled Tuesday Blitz"]
[Site "Chess.com"]
[Date "2020.05.26"]
[Round "6"]
[White "Munkhzul_Turmunkh"]
[Black "AlexTriapishko"]
[Result "1-0"]
[WhiteElo "2575"]
[BlackElo "2721"]
[TimeControl "180+1"]
[EndTime "11:09:50 PDT"]
[Termination "Munkhzul_Turmunkh won on time"]

1. e4 e5 2. Nf3 Nc6 3. Bb5 a6 4. Ba4 d6 5. O-O Bd7 6. c3 Nf6 7. d4 g6 8. Re1 Bg7 9. d5 Ne7 10. Bxd7+ Qxd7 11. c4 O-O 12. Nc3 Nh5 13. a4 a5 14. b3 b6 15. Nb5 h6 16. Ra2 Nf4 17. Bxf4 exf4 18. Nfd4 Rae8 19. h3 g5 20. Rd2 Ng6 21.
Nf5 Re5 22. Nbd4 Rfe8 23. Qg4 Kh7 24. Rde2 Qc8 25. Nc6 Bf8 26. Nfd4 Qxg4 27. hxg4 Bg7 28. f3 Nh4 29. Nf5 Nxf5 30. gxf5 Bf6 31. Kf2 h5 32. Rh1 h4 33. Ree1 Kg7 34. Nxe5 Bxe5 35. Ke2 Kf6 36. Kd3 Rg8 37. Rh3 Ke7 38. Rc1 Kd7 39. Rb1 Kc8 40.
b4 axb4 41. Rxb4 Kd7 42. Rb5 Ra8 43. Rb4 Bf6 44. Rh1 Rg8 45. Rb5 g4 46. a5 bxa5 47.
Rxa5 gxf3 48. gxf3 Rg3 49. Rf1 h3 50. Ra2 Be5 51. Rh2 Kc8 52. Ke2 Bd4 53. Rfh1 Rg2+ 54. Kd3 Be3 55. Rxh3 Rd2+ 56. Kc3 Rf2 57. Rh8+ Kb7 58.
Rb1+ Bb6 59. Rh3 Re2 60. c5 dxc5 61. Kd3 Re3+ 62. Kc4 Re2 63. d6 Kc6 64. Rh7 cxd6 65. Rxf7 Re3 66. Rf6 Ba5 67. Rc1 Rxf3 68. e5 Re3 69.
Rxd6+ Kc7 70. Kxc5 Rxe5+ 71. Rd5 Bb6+ 72. Kb5+ 1-0

[Event "*** Titled Tuesday Blitz"]
[Site "Chess.com"]
[Date "2020.05.26"]
[Round "6"]
[White "Sam_ChessMood"]
[Black "MartinCerveny"]
[Result "1-0"]
[WhiteElo "2852"]
[BlackElo "2512"]
[TimeControl "180+1"]
[EndTime "11:09:53 PDT"]
[Termination "Sam_ChessMood won by resignation"]

1. e4 c5 2. Nf3 d6 3. d4 cxd4 4. Nxd4 Nf6 5. Nc3 a6 6. Be3 e5 7. Nb3 Be6 8. f3 Nbd7 9. g4 Nb6 10. Qd2 Rc8 11. O-O-O Be7 12. Kb1 O-O 13. g5 Nh5 14.
Rg1 g6 15. h4 Qc7 16. Qf2 Nc4 17. Bxc4 Bxc4 18. Nd5 Bxd5 19. Rxd5 f6 20. Nc1 fxg5 21. hxg5 Rf7 22. Rd3 Rcf8 23. Bd2 Qc6 24. Qg2 Nf4 25. Bxf4 Rxf4 26. Ne2 R4f7 27. Nc3 Bd8 28. Nd5 b5 29. Rh1 a5 30. Qg4 b4 31. Qe6 Kg7 32. Qh3 Kg8 33. Qg2 Qc5 34. c3 bxc3 35. Rxc3 Qb5 36. Rhc1 a4 37.
a3 Qd7 38. Ka2 Qb7 39. Ka1 Qd7 40. R1c2 Qb7 41. Rd3 Qb5 42. Rcc3 Qb7 43. Rc4 Qb5 44. Rdc3 Rxf3 45. Nf6+ Bxf6 46. Qxf3 Bxg5 47. Qd3 Qd7 48. Qd5+ Kh8 49. Rc7 Qg4 50. Ka2 Bh6 51. Qxd6 Qxe4 52.
Qd7 g5 53. Rc8 Qg6 54. Qe7 Qg8+ 55. R8c4 Bg7 56. Ka1 h6 57. Rc1 Re8 58. Qd7 e4 59.
Rc8 Rf8 60. Rxf8 Bxf8 61. Rc8 e3 62. Qd4+ Kh7 63. Qe4+ Qg6 64. Qxe3 Bg7 65. Rc7 Qf6 66. Qd2 g4 67. Qc2+ Qg6 68. Qc3 h5 69. Rc6 Qf5 70. Qc4 h4 71. Rc5 Qg6 72. Ka2 g3 73. Qxh4+ Kg8 74. Rc8+ Kf7 75. Qc4+ Qe6 76. Rc7+ Kf6 77. Rc6 g2 78. Rxe6+ 1-0

[Event "*** Titled Tuesday Blitz"]
[Site "Chess.com"]
[Date "2020.05.26"]
[Round "6"]
[White "ErikBlomqvist"]
[Black "AtabayevSaparmyrat"]
[Result "1-0"]
[WhiteElo "2473"]
[BlackElo "2773"]
[TimeControl "180+1"]
[EndTime "11:09:55 PDT"]
[Termination "ErikBlomqvist won by resignation"]

1. e4 c5 2. Nf3 d6 3. d4 cxd4 4. Qxd4 Nf6 5. Be2 Bg4 6. O-O Nc6 7. Qe3 g6 8. Rd1 Bxf3 9. Bxf3 Bg7 10. Nc3 O-O 11.
Nd5 Nxd5 12. exd5 Ne5 13. Be2 Rc8 14. c3 a6 15. a4 Re8 16. Qf4 Qb6 17. h4 Qb3 18.
Ra3 Qc2 19. Qd2 Qxd2 20. Rxd2 Bh6 21. Rd1 Bxc1 22. Rxc1 Rc5 23. Rd1 Nc4 24. Rb3 b5 25. axb5 axb5 26. Rb4 Ra8 27. g3 Ra2 28. Bxc4 bxc4 29.
Rd4 Kg7 30. Kg2 h5 31. Kf3 Kf6 32. Rf4+ Kg7 33. Rd4 f5 34. Rd2 Rc7 35. Ke3 Kf6 36. Kd4 f4 37. Rxc4 Rxc4+ 38. Kxc4 fxg3 39. fxg3 Kf5 40.
Re2 Ra7 41. b4 Kg4 42. Re3 Rc7+ 43. Kb5 Rc8 44. c4 g5 45. hxg5 Rb8+ 46. Ka5 Ra8+ 47. Kb5 Rc8 48. c5 dxc5 49. bxc5 Rb8+ 50. Kc4 Ra8 51.
c6 Ra1 52. Kb5 Rb1+ 53. Ka6 Rc1 54. Kb7 Rc3 55. c7 Rxe3 56. c8=Q+ Kxg3 57. Qb8+ Kg4 58. Qc8+ Kxg5 59. Qg8+ Kf4 60. Qf7+ Kg4 61. Qg6+ Kh4 62.
Qf5 Rb3+ 63. Kc6 Rg3 64. Qf4+ Rg4 65. Qe5 Rg6+ 66. Kd7 Kg4 67. Kxe7 Rg5 68. Qe4+ Kg3 69. d6 Rg7+ 70. Kf6 Rg4 71. Qe3+ Kg2 72. d7 Rg8 73. Qd2+ Kg3 74. d8=Q Rxd8 75. Qxd8 h4 76. Qd6+ Kg2 77. Qd5+ Kg3 78. Qh1 h3 79. Kg5 h2 80. Kf5 Kh3 81. Ke4 1-0

[Event "*** Titled Tuesday Blitz"]
[Site "Chess.com"]
[Date "2020.05.26"]
[Round "6"]
[White "Saxar85"]
[Black "Zakaryan_David"]
[Result "0-1"]
[WhiteElo "2699"]
[BlackElo "2519"]
[TimeControl "180+1"]
[EndTime "11:09:56 PDT"]
[Termination "Zakaryan_David won on time"]

1. Nf3 Nf6 2. g3 g6 3. b3 Bg7 4.
Bb2 O-O 5. Bg2 c5 6. c4 Nc6 7.
O-O d6 8. d4 cxd4 9. Nxd4 Bd7 10. e3 a6 11. Nc3 Qa5 12. Qe2 Rfc8 13. Rac1 Rab8 14. Rfd1 Bg4 15. f3 Bd7 16. a3 Qh5 17. g4 Qh4 18. Qf2 Qxf2+ 19. Kxf2 Nxd4 20. exd4 b5 21. g5 Nh5 22. Nd5 Kf8 23. Bf1 e6 24. Nb4 a5 25. Na6 Rb6 26. cxb5 Rxc1 27. Rxc1 Bxb5 28.
Bxb5 Rxb5 29. b4 axb4 30. Nxb4 Nf4 31. Rc8+ Ke7 32. Rc7+ Ke8 33. Rc8+ Ke7 34. Rc7+ Ke8 35. Rc8+ Kd7 36. Rg8 Rxg5 37. Rxg7 Rg2+ 38. Ke3 g5 39. Rxg5 Rxg5 40. Kxf4 Rg2 41. Bc3 Rxh2 42. a4 Rg2 43. a5 Kc7 44. Be1 h5 45. Bh4 Rb2 46. Nd3 Ra2 47.
Ke3 Rxa5 48. Nf4 Kd7 49. Bf6 Rf5 50. Bh4 Ra5 51. Kf2 Kc6 52. Ke3 Ra3+ 53. Kf2 Ra2+ 54. Ke3 Rh2 55. Bg3 Rh1 56. Kf2 h4 57. Kg2 Rd1 58.
Bf2 f5 59. Ng6 Kd5 60. Nxh4 Ra1 61. Ng6 Kc6 62. Nf4 Kd7 63. Kg3 Ra8 64. Kg2 Rg8+ 65. Kf1 e5 66. dxe5 dxe5 67. Nd3 Ke6 68. Ke2 Kd5 69.
Nc5 Rb8 70. Nd3 Rb3 71. Bg3 f4 72. Bh4 Ra3 73. Bf6 Ra2+ 74. Kf1 Kd4 75. Nxe5 Ke3 76.
Kg1 Ra6 77. Bg5 Re6 78. Ng4+ Kxf3 79. Nh2+ Kg3 80. Nf1+ Kg4 81. Bd8 Re2 82. Bc7 f3 83. Nh2+ Kf5 84. Nxf3 Ra2 0-1